 Dungeon Crawl Stone Soup version 0.28.0 (webtiles) character file.

Game seed: 7270670649965316664

19 mjaartine the Slasher (level 2, -1/24 HPs)
             Began as a Human Berserker on Feb 20, 2022.
             Was a Follower of Trog.
             Slain by an adder (2 damage)
             ... on level 2 of the Dungeon.
             The game lasted 00:07:51 (305 turns).

mjaartine the Slasher (Human Berserker)              Turns: 305, Time: 00:07:51

Health: -1/24      AC:  2    Str: 17    XL:     2   Next: 95%
Magic:  2/2        EV: 12    Int: 13    God:    Trog [*.....]
Gold:   17         SH:  0    Dex: 12    Spells: 1/1 levels left

rFire   . . .      SeeInvis .   a - +0 falchion
rCold   . . .      Faith    .   (no shield)
rNeg    . . .      Spirit   .   b - +0 animal skin
rPois   .          Reflect  .   (no helmet)
rElec   .          Harm     .   (no cloak)
rCorr   .          Rampage  .   (no gloves)
Will    .....                   (no boots)
Stlth   +.........              (no amulet)
HPRegen 0.08/turn               d - ring of flight
MPRegen 0.08/turn               f - +6 ring of intelligence

@: flying
A: no striking features
a: Renounce Religion, Berserk


You were on level 2 of the Dungeon.
You worshipped Trog.
Trog was aware of your devotion.
You visited 1 branch of the dungeon, and saw 2 of its levels.

You collected 17 gold pieces.

Inventory:

Hand Weapons
 a - a +0 falchion (weapon)
Missiles
 c - 28 bolts
Armour
 b - a +0 animal skin (worn)
Jewellery
 d - a ring of flight (left hand)
 f - a +6 ring of intelligence (right hand)
Scrolls
 e - a scroll of noise {unknown}
 g - a scroll of immolation {unknown}


   Skills:
 + Level 3.2 Fighting
 + Level 3.4 Long Blades
 + Level 2.1 Armour
 + Level 2.2 Dodging


You had one spell level left.
You didn't know any spells.
Your spell library was empty.

Dungeon Overview and Level Annotations

Branches:
Dungeon (1/15)

Altars:


Message History

The adder hisses angrily.
An adder comes into view.
The adder hisses angrily.
The adder bites you. The adder bites you.
* * * LOW HITPOINT WARNING * * *
You see here a murky orange potion.
h - a murky orange potion The adder barely misses you.
The adder closely misses you. The adder closely misses you.
Found a scroll labelled UXKAGEANIOCH.
The adder bites you.
* * * LOW HITPOINT WARNING * * *
You are lethally poisoned!
The adder poisons you!
Okay, then.
Unknown command.
* * * LOW HITPOINT WARNING * * *
You feel sick.
It was a potion of curing.
You feel better. The adder bites you but does no damage. The adder bites you.
You are poisoned.
The adder poisons you!
You feel sick.
You feel sick.
You feel sick. The adder bites you.
* * * LOW HITPOINT WARNING * * *
You feel sick.
You feel sick.
You are no longer poisoned.
The adder bites you.
* * * LOW HITPOINT WARNING * * *
You hit the adder.
The adder is moderately wounded.
The adder bites you but does no damage.
You hit the adder.
The adder is heavily wounded.
The adder bites you.
You die...

#.# .###. #.# . #.# ##
#.#####.#######
#.......#.....#
##.######.....# #..#
#.....# ##.# #.....#
#.# #.@S..# #.#
###S######### #.#
###.#.......# # #.#
#......####.#.# #.#
#.#.#..####...###
#.#####.#.#..#S.......#
#.........#..#.##..♣♣.#
#######........##..♣ .?
##+###......... .#


You could see 2 adders.

Vanquished Creatures
  2 dart slugs (D:1)
  3 endoplasms (D:1)
  A hobgoblin (D:1)
  4 jackals (D:1)
  A bat (D:1)
  A frilled lizard (D:1)
  2 rats (D:1)
14 creatures vanquished.

Notes
Turn   | Place    | Note
-------+----------+-------------------------------------------
     0 | D:1      | mjaartine the Human Berserker began the quest for the Orb.
     0 | D:1      | Reached XP level 1. HP: 18/18 MP: 1/1
    93 | D:1      | Reached XP level 2. HP: 18/24 MP: 2/2
   249 | D:1      | You are sucked into a shaft and drop 1 floor!
   302 | D:2      | HP: 1/24 [adder (1)]
   305 | D:2      | Slain by an adder

Illustrated notes

Levels and vault maps discovered:
D:1:      elethiomel_arrival_infinity_welcomes_careful_drivers, layout_rooms,
          serial_shops, nicolae_shop_bloodbath_and_beyond, serial_bayou_pond_e,
          serial_park_tiny_pond
D:2:      layout_loops_cross, basic_altar, shapermc_ecumenical_altar_notcrosses,
          chequers_mini_garden, st_stairs_7, kennysheep_generic_room_13

Action                   || total
-------------------------++-------
Melee: Falchion          ||    40
       Punch             ||     1
  Use: Scroll            ||     1
       Potion            ||     1
Armor: Animal skin       ||     7
Dodge: Dodged            ||    29
